Remparts vs Rafales
Created - March 5, 2020 at 19:31
Goals
|
| Remparts |
2 |
2 |
1 |
0 |
2 |
6 |
| Rafales |
3 |
1 |
1 |
0 |
1 |
5 |
|
Shots
|
| Remparts |
8 |
10 |
15 |
0 |
3 |
33 |
| Rafales |
10 |
11 |
8 |
0 |
3 |
29 |
|
1st period
1. Remparts , Pontus Aberg 25 (Michal Jordan 22, Max Reinhart 51) at 7:59 (PP)
2. Remparts , Michal Jordan 8 (Niklas Hansson 11, Jake Virtanen 11) at 12:23
3. Rafales , Chris Terry 11 (Bruno Gervais 22, Connor Murphy 31) at 14:12
4. Rafales , Carl Klingberg 30 (Andrew Shaw 54, Dylan McIlrath 16) at 15:57 (PP)
5. Rafales , Joey Laleggia 2 (Kevin Veilleux 16, Carl Klingberg 37) at 18:48
Penalties :
Jayson Megna (Stf) for Hooking (Minor) at 2:08, Joe Labate (Stf) for Hooking (Minor) at 7:51, Michal Jordan (Que) for Elbowing (Minor) at 9:54, Keaton Thompson (Que) for Holding (Minor) at 15:17
2nd period
6. Remparts , Jake Virtanen 11 (Michal Jordan 23, Brendan Perlini 11) at 0:32
7. Rafales , Carl Klingberg 31 (Dylan McIlrath 17, Bruno Gervais 23) at 14:35
8. Remparts , William Colbert 5 (Michal Jordan 24, Max Reinhart 52) at 18:12 (PP)
Penalties :
Carl Klingberg (Stf) for Boarding (Minor) at 6:23, Pontus Aberg (Que) for Cross-checking (Minor) at 9:54, Andrew Shaw (Stf) for Cross-checking (Minor) at 17:55, William Colbert (Que) for Hooking (Minor) at 19:23
3rd period
9. Rafales , Connor Murphy 11 (Andrew Shaw 55, Carl Klingberg 38) at 2:28 (PP)
10. Remparts , William Colbert 6 (Jake Virtanen 12, Jonathan Matsumoto 8) at 14:46
Penalties :
Jake Virtanen (Que) for Roughing (Minor) at 2:22, Bruno Gervais (Stf) for Hooking (Minor) at 6:58, Connor Murphy (Stf) for Charging (Minor) at 19:51
Overtime #1
No Goal
Penalties :
No Penalty
Shootout
Remparts, Jonathan Matsumoto - Stopped by Jake Allen
Rafales, Carl Klingberg - Goal!
Remparts, Pontus Aberg - Goal!
Rafales, Andrew Shaw - Stopped by Igor Bobkov
Remparts, Nail Yakupov - Goal!
Rafales, Brian Ferlin - Shot Misses the Net
Penalties :
No Penalty
Goalie Stats
Igor Bobkov (Que), 24 saves from 29 shots - (0.828), W, 11-8-2, 65:00 minutes
Jake Allen (Stf), 28 saves from 33 shots - (0.848), OTL, 12-12-5, 65:00 minutes
Players Stats for Remparts
Player Name G A P +/- PIM S H SB GA TA FO MP PP MP PK MP
------------------------------------------------------------------------------------
Anton Zlobin 0 0 0 0 0 0 4 0 0 0 0/0 9:27 0:00 0:00
Brendan Perlini 0 1 1 1 0 2 0 0 3 0 1/1 15:52 2:56 0:00
Cédric Lalonde-McNicoll 0 0 0 0 0 0 0 1 0 1 1/2 5:37 0:00 0:54
Connor Honey 0 0 0 0 0 0 0 0 0 0 0/0 7:07 0:03 0:00
Jake Virtanen 1 2 3 2 2 4 4 2 0 1 0/2 18:19 2:56 1:49
Jonathan Matsumoto 0 1 1 1 0 3 3 2 1 0 11/19 18:23 2:56 0:49
Keaton Thompson 0 0 0 0 2 0 0 1 1 0 0/0 16:36 2:33 1:11
Matt Puempel 0 0 0 0 0 1 1 0 0 0 0/0 10:27 0:00 0:29
Max Reinhart 0 2 2 -2 0 6 3 0 0 1 22/36 26:39 3:33 3:56
Michal Jordan 1 3 4 2 2 5 1 1 0 0 0/0 29:19 3:57 2:32
Nail Yakupov 0 0 0 -2 0 1 3 0 0 0 0/1 23:48 3:28 1:33
Nelson Nogier 0 0 0 0 0 0 0 1 0 0 0/0 12:07 0:00 0:00
Niklas Hansson 0 1 1 -1 0 1 1 1 0 1 0/0 21:16 0:01 4:03
Pontus Aberg 1 0 1 -2 2 7 5 1 0 0 1/2 24:55 3:30 2:54
Roberts Lipsbergs 0 0 0 1 0 0 3 0 0 0 0/0 9:55 0:01 0:58
Sam Reinhart 0 0 0 0 0 1 2 0 0 0 2/7 12:19 0:07 0:04
Viktor Baldayev 0 0 0 -2 0 0 1 0 0 0 0/0 21:48 2:33 3:09
William Colbert 2 0 2 2 2 2 3 3 2 1 0/0 29:18 3:56 2:31
Players Stats for Rafales
Player Name G A P +/- PIM S H SB GA TA FO MP PP MP PK MP
------------------------------------------------------------------------------------
Akim Aliu 0 0 0 0 0 0 0 0 0 0 0/0 1:09 0:05 0:00
Andrew Shaw 0 2 2 1 2 4 2 1 3 0 1/2 24:49 3:43 3:40
Ben Johnson 0 0 0 0 0 0 0 0 0 0 0/0 0:00 0:00 0:00
Ben Sexton 0 0 0 0 0 0 0 0 0 0 0/0 0:57 0:00 0:50
Ben Thomson 0 0 0 -1 0 0 0 0 0 0 0/0 6:57 0:00 0:09
Borna Rendulic 0 0 0 -1 0 0 1 1 0 0 1/1 7:07 0:05 0:00
Brad Ross 0 0 0 0 0 0 0 0 0 0 0/0 1:38 0:00 1:15
Brian Ferlin 0 0 0 0 0 2 4 0 0 1 0/0 18:04 2:55 1:36
Bruno Gervais 0 2 2 -1 2 1 2 3 1 1 0/0 31:38 4:32 4:04
Carl Klingberg 2 2 4 1 2 6 1 0 1 1 3/7 24:15 3:43 3:15
Chris Terry 1 0 1 0 0 2 1 0 0 0 0/1 15:20 2:55 0:00
Connor Murphy 1 1 2 -1 2 3 2 1 0 1 0/0 31:29 4:32 3:40
Dylan McIlrath 0 2 2 1 0 0 0 0 0 0 0/0 21:27 2:11 3:30
James Marcou 0 0 0 0 0 0 1 0 0 0 0/0 1:22 0:05 0:00
Jayson Megna 0 0 0 0 2 1 1 1 0 1 6/12 15:20 2:55 0:00
Joe Labate 0 0 0 0 2 0 0 1 0 0 5/8 10:33 0:00 0:00
Joey Laleggia 1 0 1 0 0 2 1 5 0 0 0/0 11:21 0:00 0:00
Julian Melchiori 0 0 0 1 0 0 2 1 0 1 0/0 21:27 2:11 3:30
Kevin Veilleux 0 1 1 1 0 2 3 1 0 0 16/36 20:01 3:43 0:00
Maksim Mayorov 0 0 0 0 0 0 1 0 0 0 0/0 10:34 0:00 0:00
Ryan Bourque 0 0 0 -1 0 1 1 0 0 0 0/2 7:09 0:00 0:21
Slater Koekkoek 0 0 0 0 0 0 0 0 0 0 0/0 12:51 0:00 1:58
Tim Crowder 0 0 0 0 0 5 1 0 0 1 0/0 13:18 0:00 1:36
Tyrell Goulbourne 0 0 0 0 0 0 0 0 0 0 0/1 2:47 0:00 2:09
3 Stars
1 - Carl Klingberg (Stf)
2 - Michal Jordan (Que)
3 - Jake Virtanen (Que)
Power Play
Remparts - 2 on 6 Attempt(s) - 33.33%
Rafales - 2 on 5 Attempt(s) - 40.00%
Penalty Kill
Remparts - 3 on 5 Attempt(s) - 60.00%
- Score 0 goal in Penalty Kill
Rafales - 4 on 6 Attempt(s) - 66.67%
- Score 0 goal in Penalty Kill
Team Stat
Remparts - Hits : 34 - Faceoff Wins : 38 - Blocked Shots : 13 - Penalty Minutes : 10
Rafales - Hits : 24 - Faceoff Wins : 32 - Blocked Shots : 15 - Penalty Minutes : 12
Official
Referees : Unknown
Linesman : Unknown
Game Notes
Cédric Lalonde-McNicoll is injured at 9:19 of 2nd period (Sprained Left Ankle)
9:49 of 2nd period - Rafales goal is going for a video replay. After video review, No Goal. The puck has entered the net after making contact with an attacking player’s stick that is above the height of the crossbar.
Finance
Level 1 -- Attendance: 1431 (71.55%) -- Ticket Income $57,240
Level 2 -- Attendance: 588 (58.80%) -- Ticket Income $11,760
Total Attendance: 2019 (67.30%)
Total Ticket Income: $69,000
Other Income: $3,450
Total Income: $72,450
Remparts
5 vs 5 Forward
Center Left Wing Right Wing Time % Phy DF OF
1 Max Reinhart Pontus Aberg Nail Yakupov 40 1 2 2
2 Jonathan Matsumoto Brendan Perlini Jake Virtanen 30 1 2 2
3 Cédric Lalonde-McNicoll Matt Puempel Anton Zlobin 20 1 2 2
4 Sam Reinhart Roberts Lipsbergs Connor Honey 10 1 2 2
5 vs 5 Defense
Defense Defense Time % Phy DF OF
1 William Colbert Michal Jordan 40 1 2 2
2 Viktor Baldayev Niklas Hansson 30 1 2 2
3 Keaton Thompson Nelson Nogier 20 1 2 2
4 William Colbert Michal Jordan 10 1 2 2
PowerPlay Forward
Center Left Wing Right Wing Time % Phy DF OF
1 Max Reinhart Pontus Aberg Nail Yakupov 60 1 2 2
2 Jonathan Matsumoto Brendan Perlini Jake Virtanen 40 1 2 2
PowerPlay Defense
Defense Defense Time % Phy DF OF
1 William Colbert Michal Jordan 60 1 2 2
2 Viktor Baldayev Keaton Thompson 40 1 2 2
Penalty Kill 4 Players Forward
Center Wing Time % Phy DF OF
1 Max Reinhart Pontus Aberg 60 1 2 2
2 Cédric Lalonde-McNicoll Nail Yakupov 40 1 2 2
Penalty Kill 4 Players Defense
Defense Defense Time % Phy DF OF
1 William Colbert Niklas Hansson 60 1 2 2
2 Michal Jordan Viktor Baldayev 40 1 2 2
Penalty Kill - 3 Players Forward
Forward Time % Phy DF OF
1 Max Reinhart 60 1 2 2
2 Cédric Lalonde-McNicoll 40 1 2 2
Penalty Kill - 3 Players Defense
Defense Defense Time % Phy DF OF
1 William Colbert Niklas Hansson 60 1 2 2
2 Michal Jordan Viktor Baldayev 40 1 2 2
4 vs 4 Forward
Center Wing Time % Phy DF OF
1 Max Reinhart Pontus Aberg 60 1 2 2
2 Jonathan Matsumoto Nail Yakupov 40 1 2 2
4 vs 4 Defense
Defense Defense Time % Phy DF OF
1 William Colbert Michal Jordan 60 1 2 2
2 Viktor Baldayev Niklas Hansson 40 1 2 2
Last Minutes Offensive
Center Left Wing Right Wing Defense Defense
Max Reinhart Pontus Aberg Nail Yakupov Michal Jordan Niklas Hansson
Last Minutes Defensive
Center Left Wing Right Wing Defense Defense
Max Reinhart Pontus Aberg Nail Yakupov Michal Jordan Niklas Hansson
Goaltenders
Starting : Igor Bobkov
Backup : Garret Sparks
Extra Forwards
Normal : Sam Reinhart, Nail Yakupov, Max Reinhart - PP : Sam Reinhart, Nail Yakupov - PK : Jake Virtanen
Extra Defensemen
Normal : Viktor Baldayev, Niklas Hansson, Michal Jordan - PP : Niklas Hansson - PK : Michal Jordan, Niklas Hansson
Penalty Shots
Jonathan Matsumoto, Cédric Lalonde-McNicoll, Nail Yakupov, Pontus Aberg, Max Reinhart
Scratches
Juuso Ikonen (Healthy), Michael Downing (Healthy), Colin Smith (Healthy), Kyle Platzer (Healthy), Mitchell Heard (Healthy)
Tim Bozon (Healthy), Marek Langhamer (Healthy)
Rafales
5 vs 5 Forward
Center Left Wing Right Wing Time % Phy DF OF
1 Kevin Veilleux Carl Klingberg Andrew Shaw 40 1 2 2
2 Jayson Megna Chris Terry Brian Ferlin 30 1 2 2
3 Joe Labate Maksim Mayorov Tim Crowder 20 1 2 2
4 Ryan Bourque Ben Thomson Borna Rendulic 10 1 2 2
5 vs 5 Defense
Defense Defense Time % Phy DF OF
1 Bruno Gervais Connor Murphy 40 1 2 2
2 Julian Melchiori Dylan McIlrath 30 1 2 2
3 Joey Laleggia Slater Koekkoek 20 1 2 2
4 Bruno Gervais Connor Murphy 10 1 2 2
PowerPlay Forward
Center Left Wing Right Wing Time % Phy DF OF
1 Kevin Veilleux Carl Klingberg Andrew Shaw 60 1 2 2
2 Jayson Megna Chris Terry Brian Ferlin 40 1 2 2
PowerPlay Defense
Defense Defense Time % Phy DF OF
1 Bruno Gervais Connor Murphy 60 1 2 2
2 Julian Melchiori Dylan McIlrath 40 1 2 2
Penalty Kill 4 Players Forward
Center Wing Time % Phy DF OF
1 Carl Klingberg Andrew Shaw 60 1 2 2
2 Brian Ferlin Tim Crowder 40 1 2 2
Penalty Kill 4 Players Defense
Defense Defense Time % Phy DF OF
1 Bruno Gervais Connor Murphy 60 1 2 2
2 Julian Melchiori Dylan McIlrath 40 1 2 2
Penalty Kill - 3 Players Forward
Forward Time % Phy DF OF
1 Carl Klingberg 60 1 2 2
2 Andrew Shaw 40 1 2 2
Penalty Kill - 3 Players Defense
Defense Defense Time % Phy DF OF
1 Bruno Gervais Connor Murphy 60 1 2 2
2 Julian Melchiori Dylan McIlrath 40 1 2 2
4 vs 4 Forward
Center Wing Time % Phy DF OF
1 Carl Klingberg Andrew Shaw 60 1 2 2
2 Brian Ferlin Tim Crowder 40 1 2 2
4 vs 4 Defense
Defense Defense Time % Phy DF OF
1 Bruno Gervais Connor Murphy 60 1 2 2
2 Julian Melchiori Dylan McIlrath 40 1 2 2
Last Minutes Offensive
Center Left Wing Right Wing Defense Defense
Kevin Veilleux Carl Klingberg Andrew Shaw Bruno Gervais Connor Murphy
Last Minutes Defensive
Center Left Wing Right Wing Defense Defense
Kevin Veilleux Carl Klingberg Andrew Shaw Bruno Gervais Connor Murphy
Goaltenders
Starting : Jake Allen
Backup : Leland Irving
Extra Forwards
Normal : James Marcou, Akim Aliu, Tyrell Goulbourne - PP : James Marcou, Akim Aliu - PK : Tyrell Goulbourne
Extra Defensemen
Normal : Joey Laleggia, Slater Koekkoek, Julian Melchiori - PP : Joey Laleggia - PK : Slater Koekkoek, Julian Melchiori
Penalty Shots
Carl Klingberg, Andrew Shaw, Brian Ferlin, Tim Crowder, Kevin Veilleux
Scratches
Nathan Davis (Bruised Left Shoulder Injury), David Broll (Healthy), Chris Driedger (Healthy), Sean Maguire (Healthy)
% Time on Ice - Remparts
Lines # - Real PCT - Wanted PCT - Time Play
Normal Forward
1 - 38% - 40% - 17:52
2 - 28% - 30% - 13:12
3 - 20% - 20% - 9:27
4 - 13% - 10% - 6:16
Normal Defense
1 - 43% - 40% - 19:56
2 - 29% - 30% - 13:22
3 - 25% - 20% - 11:55
4 - 3% - 10% - 1:34
PP Forward
1 - 55% - 60% - 3:34
2 - 45% - 40% - 2:56
PP Defense
1 - 61% - 60% - 3:57
2 - 39% - 40% - 2:33
PK Forward
1 - 77% - 60% - 5:10
2 - 23% - 40% - 1:33
PK Defense
1 - 60% - 60% - 4:03
2 - 40% - 40% - 2:40
PK3 Forward
1 - 0% - 60%
2 - 0% - 40%
PK3 Defense
1 - 0% - 60%
2 - 0% - 40%
44 Forward
1 - 86% - 60% - 4:19
2 - 14% - 40% - 0:41
44 Defense
1 - 65% - 60% - 3:14
2 - 35% - 40% - 1:46
Last Minute Offensive - 0:00
Last Minute Defensive - 0:00
Total
Forward - 65:00
Defense - 65:00
|
% Time on Ice - Rafales
Lines # - Real PCT - Wanted PCT - Time Play
Normal Forward
1 - 35% - 40% - 16:32
2 - 28% - 30% - 12:53
3 - 23% - 20% - 10:34
4 - 15% - 10% - 6:48
Normal Defense
1 - 41% - 40% - 19:16
2 - 31% - 30% - 14:35
3 - 22% - 20% - 10:28
4 - 5% - 10% - 2:28
PP Forward
1 - 57% - 60% - 3:48
2 - 43% - 40% - 2:55
PP Defense
1 - 67% - 60% - 4:32
2 - 33% - 40% - 2:11
PK Forward
1 - 75% - 60% - 4:54
2 - 25% - 40% - 1:36
PK Defense
1 - 58% - 60% - 3:48
2 - 42% - 40% - 2:42
PK3 Forward
1 - 76% - 60% - 1:24
2 - 24% - 40% - 0:27
PK3 Defense
1 - 57% - 60% - 1:03
2 - 43% - 40% - 0:48
44 Forward
1 - 78% - 60% - 2:28
2 - 22% - 40% - 0:41
44 Defense
1 - 62% - 60% - 1:58
2 - 38% - 40% - 1:11
Last Minute Offensive - 0:00
Last Minute Defensive - 0:00
Total
Forward - 65:00
Defense - 65:00
|
Play-by-Play
1st period
0:01 of 1st period - Kevin Veilleux wins face-off versus Max Reinhart in neutral zone.
0:53 of 1st period - William Colbert is hit by Maksim Mayorov and loses puck.
2:02 of 1st period - Wrist shot by Jake Virtanen.
2:02 of 1st period - Stopped by Jake Allen with a rebound.
2:08 of 1st period - Minor Penalty to Jayson Megna for Hooking.
2:09 of 1st period - Carl Klingberg wins face-off versus Pontus Aberg in Rafales zone.
2:22 of 1st period - Slapshot by Andrew Shaw.
2:22 of 1st period - Shot Misses the Net.
2:24 of 1st period - Slapshot by Bruno Gervais.
2:24 of 1st period - Shot Misses the Net.
2:59 of 1st period - Dylan McIlrath is hit by Jake Virtanen.
3:03 of 1st period - Jonathan Matsumoto is hit by Julian Melchiori and loses puck.
3:29 of 1st period - Carl Klingberg is hit by Pontus Aberg and loses puck.
4:08 of 1st period - Penalty to Jayson Megna is over, Jayson Megna is back on ice.
6:13 of 1st period - Slapshot by Carl Klingberg.
6:13 of 1st period - Shot Misses the Net.
6:34 of 1st period - Jonathan Matsumoto is hit by Brian Ferlin and loses puck.
6:39 of 1st period - Snap shot by Chris Terry.
6:39 of 1st period - Stopped by Igor Bobkov with a rebound.
6:41 of 1st period - Snap shot by Brian Ferlin.
6:41 of 1st period - Shot Blocked by Keaton Thompson.
6:43 of 1st period - Slapshot by Brian Ferlin.
6:43 of 1st period - Deflect By Jayson Megna.
6:43 of 1st period - Shot Misses the Net.
6:43 of 1st period - Puck is out of play.
6:44 of 1st period - Kevin Veilleux wins face-off versus Max Reinhart in Remparts zone.
6:57 of 1st period - Snap shot by Max Reinhart.
6:57 of 1st period - Stopped by Jake Allen without a rebound.
6:58 of 1st period - Jonathan Matsumoto wins face-off versus Kevin Veilleux in Rafales zone.
7:51 of 1st period - Minor Penalty to Joe Labate for Hooking.
7:52 of 1st period - Max Reinhart wins face-off versus Carl Klingberg in Rafales zone.
7:57 of 1st period - Backhand shot by Pontus Aberg.
7:57 of 1st period - Shot Misses the Net.
7:59 of 1st period - Snap shot by Michal Jordan.
7:59 of 1st period - Deflect By Pontus Aberg.
7:59 of 1st period - Goal by Pontus Aberg - Remparts : 1 - Rafales : 0.
8:00 of 1st period - Max Reinhart wins face-off versus Kevin Veilleux in neutral zone.
8:52 of 1st period - Ryan Bourque is hit by Anton Zlobin and loses puck.
9:13 of 1st period - Snap shot by Tim Crowder.
9:13 of 1st period - Stopped by Igor Bobkov without a rebound.
9:14 of 1st period - Joe Labate wins face-off versus Sam Reinhart in Remparts zone.
9:39 of 1st period - Slater Koekkoek is hit by Nail Yakupov and loses puck.
9:54 of 1st period - Minor Penalty to Michal Jordan for Elbowing.
9:55 of 1st period - Kevin Veilleux wins face-off versus Max Reinhart in Remparts zone.
9:56 of 1st period - Snap shot by Andrew Shaw.
9:56 of 1st period - Shot Misses the Net.
10:30 of 1st period - Cédric Lalonde-McNicoll is hit by Brian Ferlin and loses puck.
11:21 of 1st period - Bruno Gervais is hit by Nail Yakupov and loses puck.
11:28 of 1st period - Nail Yakupov is hit by Bruno Gervais and loses puck.
11:54 of 1st period - Penalty to Michal Jordan is over, Michal Jordan is back on ice.
12:17 of 1st period - Snap shot by Jake Virtanen.
12:17 of 1st period - Shot Misses the Net.
12:19 of 1st period - Wrist shot by Michal Jordan.
12:19 of 1st period - Shot Blocked by Joey Laleggia.
12:21 of 1st period - Slapshot by Niklas Hansson.
12:21 of 1st period - Shot Blocked by Borna Rendulic.
12:23 of 1st period - Slapshot by Niklas Hansson.
12:23 of 1st period - Deflect By Michal Jordan.
12:23 of 1st period - Goal by Michal Jordan - Remparts : 2 - Rafales : 0.
12:24 of 1st period - Max Reinhart wins face-off versus Kevin Veilleux in neutral zone.
12:33 of 1st period - Snap shot by Max Reinhart.
12:33 of 1st period - Stopped by Jake Allen without a rebound.
12:34 of 1st period - Max Reinhart wins face-off versus Carl Klingberg in Rafales zone.
12:38 of 1st period - Icing by Andrew Shaw.
12:39 of 1st period - Jonathan Matsumoto wins face-off versus Kevin Veilleux in Rafales zone.
13:04 of 1st period - Carl Klingberg is hit by Matt Puempel and loses puck.
13:15 of 1st period - Snap shot by Matt Puempel.
13:15 of 1st period - Stopped by Jake Allen without a rebound.
13:16 of 1st period - Max Reinhart wins face-off versus Jayson Megna in Rafales zone.
13:19 of 1st period - Snap shot by Max Reinhart.
13:19 of 1st period - Shot Misses the Net.
13:21 of 1st period - Snap shot by Nail Yakupov.
13:21 of 1st period - Stopped by Jake Allen with a rebound.
13:23 of 1st period - Slapshot by William Colbert.
13:23 of 1st period - Shot Blocked by Jayson Megna.
13:25 of 1st period - Slapshot by Pontus Aberg.
13:25 of 1st period - Deflect By Max Reinhart.
13:25 of 1st period - Stopped by Jake Allen without a rebound.
13:26 of 1st period - Max Reinhart wins face-off versus Chris Terry in Rafales zone.
13:29 of 1st period - Snap shot by Pontus Aberg.
13:29 of 1st period - Shot Misses the Net.
13:35 of 1st period - Slapshot by Chris Terry.
13:35 of 1st period - Deflect By Brian Ferlin.
13:35 of 1st period - Shot Misses the Net.
13:35 of 1st period - Puck is out of play.
13:36 of 1st period - Jonathan Matsumoto wins face-off versus Kevin Veilleux in Remparts zone.
13:55 of 1st period - Bruno Gervais is hit by Jake Virtanen and loses puck.
14:08 of 1st period - Slapshot by Connor Murphy.
14:08 of 1st period - Shot Misses the Net.
14:10 of 1st period - Snap shot by Bruno Gervais.
14:10 of 1st period - Shot Misses the Net.
14:12 of 1st period - Backhand shot by Chris Terry.
14:12 of 1st period - Goal by Chris Terry - Remparts : 2 - Rafales : 1.
14:13 of 1st period - Kevin Veilleux wins face-off versus Max Reinhart in neutral zone.
14:35 of 1st period - Icing by Bruno Gervais.
14:36 of 1st period - Jayson Megna wins face-off versus Jake Virtanen in Rafales zone.
15:17 of 1st period - Minor Penalty to Keaton Thompson for Holding.
15:18 of 1st period - Max Reinhart wins face-off versus Kevin Veilleux in Remparts zone.
15:18 of 1st period - Max Reinhart is hit by Bruno Gervais.
15:24 of 1st period - Bruno Gervais is hit by Pontus Aberg and loses puck.
15:47 of 1st period - Snap shot by Connor Murphy.
15:47 of 1st period - Deflect By Brian Ferlin.
15:47 of 1st period - Shot Misses the Net.
15:47 of 1st period - Puck is out of play.
15:48 of 1st period - Kevin Veilleux wins face-off versus Cédric Lalonde-McNicoll in Remparts zone.
15:53 of 1st period - Snap shot by Andrew Shaw.
15:53 of 1st period - Stopped by Igor Bobkov with a rebound.
15:55 of 1st period - Snap shot by Carl Klingberg.
15:55 of 1st period - Shot Misses the Net.
15:57 of 1st period - Snap shot by Carl Klingberg.
15:57 of 1st period - Goal by Carl Klingberg - Remparts : 2 - Rafales : 2.
15:58 of 1st period - Max Reinhart wins face-off versus Kevin Veilleux in neutral zone.
16:32 of 1st period - Slapshot by Max Reinhart.
16:32 of 1st period - Shot Misses the Net.
16:34 of 1st period - Slapshot by William Colbert.
16:34 of 1st period - Shot Misses the Net.
16:49 of 1st period - Off-side.
16:50 of 1st period - Kevin Veilleux wins face-off versus Jonathan Matsumoto in neutral zone.
17:16 of 1st period - Viktor Baldayev is hit by Brian Ferlin and loses puck.
17:40 of 1st period - Icing by Keaton Thompson.
17:41 of 1st period - Joe Labate wins face-off versus Sam Reinhart in Remparts zone.
18:02 of 1st period - Slapshot by Tim Crowder.
18:02 of 1st period - Stopped by Igor Bobkov with a rebound.
18:38 of 1st period - Wrist shot by Tim Crowder.
18:38 of 1st period - Stopped by Igor Bobkov without a rebound.
18:39 of 1st period - Kevin Veilleux wins face-off versus Jonathan Matsumoto in Remparts zone.
18:42 of 1st period - Wrist shot by Carl Klingberg.
18:42 of 1st period - Shot Blocked by Jonathan Matsumoto.
18:44 of 1st period - Snap shot by Carl Klingberg.
18:44 of 1st period - Shot Blocked by Jake Virtanen.
18:46 of 1st period - Snap shot by Kevin Veilleux.
18:46 of 1st period - Stopped by Igor Bobkov with a rebound.
18:48 of 1st period - Snap shot by Joey Laleggia.
18:48 of 1st period - Deflect By Jake Virtanen.
18:48 of 1st period - Goal by Joey Laleggia - Remparts : 2 - Rafales : 3.
18:49 of 1st period - Max Reinhart wins face-off versus Kevin Veilleux in neutral zone.
19:04 of 1st period - Snap shot by Andrew Shaw.
19:04 of 1st period - Stopped by Igor Bobkov with a rebound.
19:37 of 1st period - Slapshot by Connor Murphy.
19:37 of 1st period - Shot Blocked by Cédric Lalonde-McNicoll.
Goals for this period are 2 for Remparts vs 3 for Rafales.
Shots for this period are 8 for Remparts vs 10 for Rafales.
2nd period
0:01 of 2nd period - Kevin Veilleux wins face-off versus Max Reinhart in neutral zone.
0:32 of 2nd period - Wrist shot by Jake Virtanen.
0:32 of 2nd period - Goal by Jake Virtanen - Remparts : 3 - Rafales : 3.
0:33 of 2nd period - Kevin Veilleux wins face-off versus Jonathan Matsumoto in neutral zone.
0:42 of 2nd period - Viktor Baldayev is hit by Andrew Shaw and loses puck.
1:26 of 2nd period - Snap shot by Cédric Lalonde-McNicoll.
1:26 of 2nd period - Shot Blocked by Bruno Gervais.
1:38 of 2nd period - Niklas Hansson is hit by Ryan Bourque and loses puck.
1:49 of 2nd period - Ben Thomson is hit by Roberts Lipsbergs and loses puck.
2:04 of 2nd period - Joey Laleggia is hit by Michal Jordan.
2:31 of 2nd period - Wrist shot by Pontus Aberg.
2:31 of 2nd period - Shot Blocked by Joey Laleggia.
2:47 of 2nd period - Dylan McIlrath is hit by Anton Zlobin and loses puck.
3:08 of 2nd period - Julian Melchiori is hit by Jake Virtanen and loses puck.
4:53 of 2nd period - Joey Laleggia is hit by Sam Reinhart and loses puck.
5:28 of 2nd period - Connor Murphy is hit by Pontus Aberg and loses puck.
5:43 of 2nd period - Connor Murphy is hit by Anton Zlobin and loses puck.
6:09 of 2nd period - Ben Thomson is hit by Jonathan Matsumoto and loses puck.
6:14 of 2nd period - Wrist shot by Jonathan Matsumoto.
6:14 of 2nd period - Stopped by Jake Allen without a rebound.
6:15 of 2nd period - Kevin Veilleux wins face-off versus Nail Yakupov in Rafales zone.
6:23 of 2nd period - Minor Penalty to Carl Klingberg for Boarding.
6:24 of 2nd period - Max Reinhart wins face-off versus Tyrell Goulbourne in Rafales zone.
6:37 of 2nd period - Backhand shot by Michal Jordan.
6:37 of 2nd period - Shot Blocked by Connor Murphy.
6:39 of 2nd period - Snap shot by Max Reinhart.
6:39 of 2nd period - Stopped by Jake Allen with a rebound.
8:23 of 2nd period - Penalty to Carl Klingberg is over, Carl Klingberg is back on ice.
8:35 of 2nd period - Wrist shot by Carl Klingberg.
8:35 of 2nd period - Stopped by Igor Bobkov without a rebound.
8:36 of 2nd period - Cédric Lalonde-McNicoll wins face-off versus Ryan Bourque in Remparts zone.
8:51 of 2nd period - Wrist shot by Ryan Bourque.
8:51 of 2nd period - Stopped by Igor Bobkov without a rebound.
8:52 of 2nd period - Andrew Shaw wins face-off versus Max Reinhart in Remparts zone.
8:59 of 2nd period - Pontus Aberg is hit by Kevin Veilleux and loses puck.
9:18 of 2nd period - Cédric Lalonde-McNicoll is hit by Jayson Megna and loses puck.
9:19 of 2nd period - Cédric Lalonde-McNicoll from Remparts is injured at 9:19 of 2nd period (Sprained Left Ankle).
9:20 of 2nd period - Max Reinhart wins face-off versus Andrew Shaw in Remparts zone.
9:31 of 2nd period - Snap shot by Carl Klingberg.
9:31 of 2nd period - Deflect By Nail Yakupov.
9:31 of 2nd period - Stopped by Igor Bobkov with a rebound.
9:33 of 2nd period - Backhand shot by Carl Klingberg.
9:33 of 2nd period - Shot Misses the Net.
9:35 of 2nd period - Backhand shot by Kevin Veilleux.
9:35 of 2nd period - Stopped by Igor Bobkov without a rebound.
9:36 of 2nd period - Jayson Megna wins face-off versus Jonathan Matsumoto in Remparts zone.
9:41 of 2nd period - Slapshot by Brian Ferlin.
9:41 of 2nd period - Shot Misses the Net.
9:43 of 2nd period - Snap shot by Brian Ferlin.
9:43 of 2nd period - Shot Blocked by Jonathan Matsumoto.
9:45 of 2nd period - Slapshot by Connor Murphy.
9:45 of 2nd period - Shot Misses the Net.
9:47 of 2nd period - Wrist shot by Chris Terry.
9:47 of 2nd period - Shot Misses the Net.
9:49 of 2nd period - Snap shot by Jayson Megna.
9:49 of 2nd period - Rafales goal is going for a video replay.
9:49 of 2nd period - The goal is refused. The puck has entered the net after making contact with an attacking player’s stick that is above the height of the crossbar..
9:50 of 2nd period - Kevin Veilleux wins face-off versus Max Reinhart in Remparts zone.
9:54 of 2nd period - Minor Penalty to Pontus Aberg for Cross-checking.
9:55 of 2nd period - Max Reinhart wins face-off versus Kevin Veilleux in Remparts zone.
10:03 of 2nd period - Snap shot by Connor Murphy.
10:03 of 2nd period - Deflect By Jake Virtanen.
10:03 of 2nd period - Stopped by Igor Bobkov with a rebound.
10:05 of 2nd period - Slapshot by Bruno Gervais.
10:05 of 2nd period - Shot Blocked by Niklas Hansson.
10:07 of 2nd period - Snap shot by Kevin Veilleux.
10:07 of 2nd period - Shot Misses the Net.
10:09 of 2nd period - Slapshot by Connor Murphy.
10:09 of 2nd period - Shot Misses the Net.
10:11 of 2nd period - Slapshot by Bruno Gervais.
10:11 of 2nd period - Shot Blocked by William Colbert.
10:21 of 2nd period - Wrist shot by Brian Ferlin.
10:21 of 2nd period - Stopped by Igor Bobkov with a rebound.
10:29 of 2nd period - Snap shot by Brian Ferlin.
10:29 of 2nd period - Stopped by Igor Bobkov with a rebound.
11:54 of 2nd period - Penalty to Pontus Aberg is over, Pontus Aberg is back on ice.
11:55 of 2nd period - Dylan McIlrath is hit by William Colbert and loses puck.
12:46 of 2nd period - Joe Labate is hit by Pontus Aberg and loses puck.
13:05 of 2nd period - Off-side.
13:06 of 2nd period - Jayson Megna wins face-off versus Jonathan Matsumoto in neutral zone.
13:08 of 2nd period - Off-side.
13:09 of 2nd period - Brendan Perlini wins face-off versus Jayson Megna in neutral zone.
13:36 of 2nd period - Wrist shot by Pontus Aberg.
13:36 of 2nd period - Stopped by Jake Allen without a rebound.
13:37 of 2nd period - Kevin Veilleux wins face-off versus Max Reinhart in Rafales zone.
14:12 of 2nd period - Wrist shot by Nail Yakupov.
14:12 of 2nd period - Shot Misses the Net.
14:18 of 2nd period - Max Reinhart is hit by Andrew Shaw and loses puck.
14:25 of 2nd period - Connor Murphy is hit by Max Reinhart and loses puck.
14:35 of 2nd period - Snap shot by Carl Klingberg.
14:35 of 2nd period - Goal by Carl Klingberg - Remparts : 3 - Rafales : 4.
14:36 of 2nd period - Jonathan Matsumoto wins face-off versus Jayson Megna in neutral zone.
15:30 of 2nd period - Viktor Baldayev is hit by Borna Rendulic and loses puck.
16:26 of 2nd period - Snap shot by Max Reinhart.
16:26 of 2nd period - Shot Misses the Net.
16:39 of 2nd period - Icing by Joe Labate.
16:40 of 2nd period - Joe Labate wins face-off versus Jonathan Matsumoto in Rafales zone.
16:40 of 2nd period - Joe Labate is hit by Jonathan Matsumoto.
16:46 of 2nd period - Snap shot by Joe Labate.
16:46 of 2nd period - Shot Blocked by Jake Virtanen.
16:48 of 2nd period - Slapshot by Tim Crowder.
16:48 of 2nd period - Shot Blocked by William Colbert.
16:50 of 2nd period - Slapshot by Tim Crowder.
16:50 of 2nd period - Stopped by Igor Bobkov without a rebound.
16:51 of 2nd period - Jonathan Matsumoto wins face-off versus Kevin Veilleux in Remparts zone.
16:51 of 2nd period - Jonathan Matsumoto is hit by Carl Klingberg.
17:17 of 2nd period - William Colbert is hit by Chris Terry and loses puck.
17:27 of 2nd period - Off-side.
17:28 of 2nd period - Jayson Megna wins face-off versus Jonathan Matsumoto in neutral zone.
17:31 of 2nd period - Niklas Hansson is hit by Brian Ferlin and loses puck.
17:55 of 2nd period - Minor Penalty to Andrew Shaw for Cross-checking.
17:56 of 2nd period - Carl Klingberg wins face-off versus Max Reinhart in Rafales zone.
17:56 of 2nd period - Carl Klingberg is hit by Max Reinhart.
18:08 of 2nd period - Snap shot by Max Reinhart.
18:08 of 2nd period - Shot Blocked by Bruno Gervais.
18:10 of 2nd period - Slapshot by Michal Jordan.
18:10 of 2nd period - Stopped by Jake Allen with a rebound.
18:12 of 2nd period - Slapshot by William Colbert.
18:12 of 2nd period - Goal by William Colbert - Remparts : 4 - Rafales : 4.
18:13 of 2nd period - Max Reinhart wins face-off versus Kevin Veilleux in neutral zone.
18:18 of 2nd period - Snap shot by Pontus Aberg.
18:18 of 2nd period - Shot Misses the Net.
18:20 of 2nd period - Slapshot by Michal Jordan.
18:20 of 2nd period - Stopped by Jake Allen with a rebound.
18:22 of 2nd period - Slapshot by William Colbert.
18:22 of 2nd period - Shot Blocked by Kevin Veilleux.
18:28 of 2nd period - Snap shot by Pontus Aberg.
18:28 of 2nd period - Stopped by Jake Allen with a rebound.
18:43 of 2nd period - Snap shot by Jake Virtanen.
18:43 of 2nd period - Stopped by Jake Allen without a rebound.
18:44 of 2nd period - Jayson Megna wins face-off versus Jonathan Matsumoto in Rafales zone.
19:02 of 2nd period - Icing by Brian Ferlin.
19:03 of 2nd period - Max Reinhart wins face-off versus Jayson Megna in Rafales zone.
19:06 of 2nd period - Backhand shot by Pontus Aberg.
19:06 of 2nd period - Stopped by Jake Allen with a rebound.
19:23 of 2nd period - Minor Penalty to William Colbert for Hooking.
19:24 of 2nd period - Max Reinhart wins face-off versus Kevin Veilleux in Remparts zone.
19:24 of 2nd period - Max Reinhart is hit by Kevin Veilleux.
19:37 of 2nd period - Slapshot by Andrew Shaw.
19:37 of 2nd period - Stopped by Igor Bobkov with a rebound.
19:59 of 2nd period - Snap shot by Chris Terry.
19:59 of 2nd period - Shot Misses the Net.
Goals for this period are 2 for Remparts vs 1 for Rafales.
Shots for this period are 10 for Remparts vs 11 for Rafales.
3rd period
0:01 of 3rd period - Kevin Veilleux wins face-off versus Max Reinhart in neutral zone.
0:04 of 3rd period - Slapshot by Connor Murphy.
0:04 of 3rd period - Shot Blocked by Pontus Aberg.
0:38 of 3rd period - Slapshot by Connor Murphy.
0:38 of 3rd period - Stopped by Igor Bobkov without a rebound.
0:39 of 3rd period - Max Reinhart wins face-off versus Kevin Veilleux in Remparts zone.
1:23 of 3rd period - Penalty to William Colbert is over, William Colbert is back on ice.
2:00 of 3rd period - Icing by Keaton Thompson.
2:01 of 3rd period - Jonathan Matsumoto wins face-off versus Jayson Megna in Remparts zone.
2:22 of 3rd period - Minor Penalty to Jake Virtanen for Roughing.
2:23 of 3rd period - Kevin Veilleux wins face-off versus Max Reinhart in Remparts zone.
2:24 of 3rd period - Wrist shot by Carl Klingberg.
2:24 of 3rd period - Shot Blocked by William Colbert.
2:26 of 3rd period - Wrist shot by Andrew Shaw.
2:26 of 3rd period - Shot Misses the Net.
2:28 of 3rd period - Slapshot by Connor Murphy.
2:28 of 3rd period - Goal by Connor Murphy - Remparts : 4 - Rafales : 5.
2:29 of 3rd period - Max Reinhart wins face-off versus Kevin Veilleux in neutral zone.
2:34 of 3rd period - Slapshot by Max Reinhart.
2:34 of 3rd period - Shot Misses the Net.
2:36 of 3rd period - Snap shot by Pontus Aberg.
2:36 of 3rd period - Stopped by Jake Allen with a rebound.
2:38 of 3rd period - Slapshot by Michal Jordan.
2:38 of 3rd period - Stopped by Jake Allen without a rebound.
2:39 of 3rd period - Kevin Veilleux wins face-off versus Max Reinhart in Rafales zone.
2:44 of 3rd period - Snap shot by Andrew Shaw.
2:44 of 3rd period - Stopped by Igor Bobkov with a rebound.
3:12 of 3rd period - Wrist shot by Bruno Gervais.
3:12 of 3rd period - Shot Blocked by Michal Jordan.
3:32 of 3rd period - Wrist shot by Pontus Aberg.
3:32 of 3rd period - Shot Misses the Net.
3:39 of 3rd period - Off-side.
3:40 of 3rd period - Jayson Megna wins face-off versus Jake Virtanen in neutral zone.
3:51 of 3rd period - Wrist shot by Brendan Perlini.
3:51 of 3rd period - Stopped by Jake Allen with a rebound.
4:05 of 3rd period - Tim Crowder is hit by Anton Zlobin.
4:40 of 3rd period - Joey Laleggia is hit by Roberts Lipsbergs and loses puck.
4:51 of 3rd period - Wrist shot by Jonathan Matsumoto.
4:51 of 3rd period - Stopped by Jake Allen with a rebound.
4:53 of 3rd period - Snap shot by Brendan Perlini.
4:53 of 3rd period - Shot Blocked by Joey Laleggia.
4:55 of 3rd period - Slapshot by Keaton Thompson.
4:55 of 3rd period - Shot Blocked by Joey Laleggia.
4:57 of 3rd period - Snap shot by Brendan Perlini.
4:57 of 3rd period - Shot Misses the Net.
5:36 of 3rd period - Kevin Veilleux is hit by Nail Yakupov and loses puck.
6:31 of 3rd period - Icing by Kevin Veilleux.
6:32 of 3rd period - Borna Rendulic wins face-off versus Sam Reinhart in Rafales zone.
6:37 of 3rd period - Backhand shot by Bruno Gervais.
6:37 of 3rd period - Stopped by Igor Bobkov with a rebound.
6:58 of 3rd period - Minor Penalty to Bruno Gervais for Hooking.
6:59 of 3rd period - Pontus Aberg wins face-off versus Carl Klingberg in Rafales zone.
7:13 of 3rd period - Andrew Shaw is hit by Max Reinhart and loses puck.
8:44 of 3rd period - Julian Melchiori is hit by Jonathan Matsumoto.
8:58 of 3rd period - Penalty to Bruno Gervais is over, Bruno Gervais is back on ice.
9:00 of 3rd period - Julian Melchiori is hit by Niklas Hansson.
9:04 of 3rd period - Julian Melchiori is hit by Roberts Lipsbergs and loses puck.
9:21 of 3rd period - Dylan McIlrath is hit by Sam Reinhart and loses puck.
10:01 of 3rd period - Off-side.
10:02 of 3rd period - Jonathan Matsumoto wins face-off versus Ryan Bourque in neutral zone.
10:05 of 3rd period - Wrist shot by Jake Virtanen.
10:05 of 3rd period - Stopped by Jake Allen without a rebound.
10:06 of 3rd period - Jonathan Matsumoto wins face-off versus Kevin Veilleux in Rafales zone.
10:11 of 3rd period - Snap shot by Jonathan Matsumoto.
10:11 of 3rd period - Shot Misses the Net.
10:21 of 3rd period - Wrist shot by Carl Klingberg.
10:21 of 3rd period - Shot Misses the Net.
10:43 of 3rd period - Snap shot by Max Reinhart.
10:43 of 3rd period - Stopped by Jake Allen without a rebound.
10:44 of 3rd period - Sam Reinhart wins face-off versus Kevin Veilleux in Rafales zone.
11:09 of 3rd period - Viktor Baldayev is hit by Joey Laleggia and loses puck.
11:14 of 3rd period - Snap shot by Brian Ferlin.
11:14 of 3rd period - Shot Misses the Net.
12:12 of 3rd period - Snap shot by Carl Klingberg.
12:12 of 3rd period - Stopped by Igor Bobkov with a rebound.
12:47 of 3rd period - Icing by Julian Melchiori.
12:48 of 3rd period - Max Reinhart wins face-off versus Joe Labate in Rafales zone.
12:51 of 3rd period - Slapshot by Pontus Aberg.
12:51 of 3rd period - Stopped by Jake Allen with a rebound.
12:59 of 3rd period - Wrist shot by Tim Crowder.
12:59 of 3rd period - Stopped by Igor Bobkov with a rebound.
13:01 of 3rd period - Wrist shot by Joe Labate.
13:01 of 3rd period - Shot Blocked by Nelson Nogier.
13:03 of 3rd period - Wrist shot by Joe Labate.
13:03 of 3rd period - Shot Hit the Post.
13:13 of 3rd period - Carl Klingberg is hit by Jake Virtanen and loses puck.
13:20 of 3rd period - Nelson Nogier is hit by Kevin Veilleux and loses puck.
14:25 of 3rd period - Icing by Tim Crowder.
14:26 of 3rd period - Jonathan Matsumoto wins face-off versus Joe Labate in Rafales zone.
14:33 of 3rd period - Slapshot by William Colbert.
14:33 of 3rd period - Shot Blocked by Joey Laleggia.
14:35 of 3rd period - Wrist shot by Brendan Perlini.
14:35 of 3rd period - Stopped by Jake Allen without a rebound.
14:36 of 3rd period - Jonathan Matsumoto wins face-off versus Kevin Veilleux in Rafales zone.
14:42 of 3rd period - Snap shot by Jonathan Matsumoto.
14:42 of 3rd period - Stopped by Jake Allen with a rebound.
14:44 of 3rd period - Slapshot by Jake Virtanen.
14:44 of 3rd period - Shot Misses the Net.
14:46 of 3rd period - Slapshot by William Colbert.
14:46 of 3rd period - Goal by William Colbert - Remparts : 5 - Rafales : 5.
14:47 of 3rd period - Max Reinhart wins face-off versus Kevin Veilleux in neutral zone.
15:16 of 3rd period - Connor Murphy is hit by William Colbert and loses puck.
16:08 of 3rd period - Icing by Kevin Veilleux.
16:09 of 3rd period - Jonathan Matsumoto wins face-off versus Jayson Megna in Rafales zone.
16:32 of 3rd period - Wrist shot by Sam Reinhart.
16:32 of 3rd period - Shot Blocked by Joe Labate.
16:34 of 3rd period - Snap shot by Sam Reinhart.
16:34 of 3rd period - Stopped by Jake Allen without a rebound.
16:35 of 3rd period - Max Reinhart wins face-off versus Kevin Veilleux in Rafales zone.
16:40 of 3rd period - Snap shot by Pontus Aberg.
16:40 of 3rd period - Stopped by Jake Allen with a rebound.
16:43 of 3rd period - Icing by Andrew Shaw.
16:44 of 3rd period - Kevin Veilleux wins face-off versus Max Reinhart in Rafales zone.
16:44 of 3rd period - Kevin Veilleux is hit by Pontus Aberg.
16:54 of 3rd period - Snap shot by Carl Klingberg.
16:54 of 3rd period - Stopped by Igor Bobkov with a rebound.
16:56 of 3rd period - Slapshot by Joey Laleggia.
16:56 of 3rd period - Stopped by Igor Bobkov with a rebound.
17:05 of 3rd period - Icing by William Colbert.
17:06 of 3rd period - Max Reinhart wins face-off versus Joe Labate in Remparts zone.
17:31 of 3rd period - Pontus Aberg is hit by Connor Murphy and loses puck.
17:54 of 3rd period - Backhand shot by Max Reinhart.
17:54 of 3rd period - Stopped by Jake Allen without a rebound.
17:55 of 3rd period - Joe Labate wins face-off versus Sam Reinhart in Rafales zone.
18:10 of 3rd period - Wrist shot by Tim Crowder.
18:10 of 3rd period - Shot Misses the Net.
18:24 of 3rd period - Wrist shot by Sam Reinhart.
18:24 of 3rd period - Shot Blocked by Julian Melchiori.
18:26 of 3rd period - Slapshot by Keaton Thompson.
18:26 of 3rd period - Shot Misses the Net.
19:36 of 3rd period - Snap shot by Michal Jordan.
19:36 of 3rd period - Stopped by Jake Allen without a rebound.
19:37 of 3rd period - Sam Reinhart wins face-off versus Kevin Veilleux in Rafales zone.
19:38 of 3rd period - Snap shot by Roberts Lipsbergs.
19:38 of 3rd period - Shot Blocked by Bruno Gervais.
19:40 of 3rd period - Wrist shot by Sam Reinhart.
19:40 of 3rd period - Shot Blocked by Andrew Shaw.
19:46 of 3rd period - Slapshot by Roberts Lipsbergs.
19:46 of 3rd period - Shot Misses the Net.
19:48 of 3rd period - Slapshot by Niklas Hansson.
19:48 of 3rd period - Stopped by Jake Allen without a rebound.
19:49 of 3rd period - Joe Labate wins face-off versus Sam Reinhart in Rafales zone.
19:51 of 3rd period - Minor Penalty to Connor Murphy for Charging.
19:52 of 3rd period - Carl Klingberg wins face-off versus Max Reinhart in Rafales zone.
Goals for this period are 1 for Remparts vs 1 for Rafales.
Shots for this period are 15 for Remparts vs 8 for Rafales.
Overtime #1
0:01 of 1st overtime period - Max Reinhart wins face-off versus Carl Klingberg in neutral zone.
1:24 of 1st overtime period - Slapshot by Roberts Lipsbergs.
1:24 of 1st overtime period - Shot Misses the Net.
1:26 of 1st overtime period - Slapshot by Niklas Hansson.
1:26 of 1st overtime period - Shot Misses the Net.
1:28 of 1st overtime period - Snap shot by Sam Reinhart.
1:28 of 1st overtime period - Shot Hit the Post.
1:51 of 1st overtime period - Penalty to Connor Murphy is over, Connor Murphy is back on ice.
1:57 of 1st overtime period - Michal Jordan is hit by James Marcou and loses puck.
2:04 of 1st overtime period - Bruno Gervais is hit by Viktor Baldayev and loses puck.
2:30 of 1st overtime period - Jonathan Matsumoto is hit by Tim Crowder and loses puck.
2:59 of 1st overtime period - Michal Jordan is hit by Connor Murphy and loses puck.
3:10 of 1st overtime period - Joey Laleggia is hit by William Colbert.
3:54 of 1st overtime period - Matt Puempel is hit by Julian Melchiori and loses puck.
Goals for this period are 0 for Remparts vs 0 for Rafales.
Shots for this period are 0 for Remparts vs 0 for Rafales.
ShootOut
5:00 of 1st overtime period - Round #1.
5:00 of 1st overtime period - Remparts, Jonathan Matsumoto.
5:00 of 1st overtime period - Wrist shot by Jonathan Matsumoto.
5:00 of 1st overtime period - Stopped by Jake Allen.
5:00 of 1st overtime period - Rafales, Carl Klingberg.
5:00 of 1st overtime period - Backhand shot by Carl Klingberg.
5:00 of 1st overtime period - Goal by Carl Klingberg.
5:00 of 1st overtime period - Round #2.
5:00 of 1st overtime period - Remparts, Pontus Aberg.
5:00 of 1st overtime period - Wrist shot by Pontus Aberg.
5:00 of 1st overtime period - Goal by Pontus Aberg.
5:00 of 1st overtime period - Rafales, Andrew Shaw.
5:00 of 1st overtime period - Wrist shot by Andrew Shaw.
5:00 of 1st overtime period - Stopped by Igor Bobkov.
5:00 of 1st overtime period - Round #3.
5:00 of 1st overtime period - Remparts, Nail Yakupov.
5:00 of 1st overtime period - Wrist shot by Nail Yakupov.
5:00 of 1st overtime period - Goal by Nail Yakupov.
5:00 of 1st overtime period - Rafales, Brian Ferlin.
5:00 of 1st overtime period - Backhand shot by Brian Ferlin.
5:00 of 1st overtime period - Shot Misses the Net.
Back to the Top